 Dungeon Crawl Stone Soup version 0.18.1-2-ga659475 (webtiles) character file.

45 imganon the Chopper (level 3, -1/43 HPs)
             Began as a Demonspawn Berserker on May 9, 2016.
             Was a Believer of Trog.
             Slain by Crazy Yiuf
             ... wielding a +4 quarterstaff of chaos
              (8 damage)
             ... on level 2 of the Dungeon.
             The game lasted 00:02:23 (1018 turns).

imganon the Chopper (Demonspawn Berserker)          Turns: 1018, Time: 00:02:23

Health: -1/43      AC:  4    Str: 23    XL:     3   Next: 42%
Magic:  0/3        EV: 12    Int:  8    God:    Trog [**....]
Gold:   44         SH:  0    Dex: 12    Spells: 0 memorised, 2 levels left

rFire  . . .     SeeInvis .     a - +0 hand axe
rCold  . . .     Gourm    .     j - +0 leather armour
rNeg   . . .     Faith    .     (no shield)
rPois  .         Spirit   +     (helmet restricted)
rElec  .         Dismiss  .     (no cloak)
rCorr  .         Reflect  .     q - +0 pair of gloves
SustAt .         Harm     .     (no boots)
MR     .....                    (no amulet)
Stlth  ..........               (no ring)
                                (no ring)

@: berserking, lethally poisoned (-1 -> -4), very quick, not resistant to
hostile enchantments, extremely unstealthy
A: antennae 1, magic shield
a: Berserk, Trog's Hand, Burn Spellbooks, Renounce Religion


You were on level 2 of the Dungeon.
You worshipped Trog.
Trog was pleased with you.
You were hungry.

You visited 1 branch of the dungeon, and saw 2 of its levels.

You collected 44 gold pieces.

Inventory:

Hand Weapons
 a - a +0 hand axe (weapon)
Armour
 j - a +0 leather armour (worn)
 q - a +0 pair of gloves (worn)
Scrolls
 e - a scroll of immolation {unknown}
 f - a scroll of fog {unknown}
 g - a scroll of teleportation {unknown}
 k - a scroll of recharging {unknown}
 n - a scroll of identify {unknown}
 o - 2 scrolls of remove curse {unknown}
Potions
 b - a potion of curing {unknown}
 d - a potion of ambrosia {unknown}
 h - a potion of lignification {unknown}
 l - a potion of degeneration {unknown}
Comestibles
 c - 2 bread rations
 i - a meat ration
 m - 3 royal jellies
 p - a chunk of flesh


   Skills:
 - Level 3.0 Fighting
 + Level 4.1 Axes
 - Level 1.7 Armour
 - Level 1.7 Dodging


You had 2 spell levels left.
You didn't know any spells.

Dungeon Overview and Level Annotations

Branches:
Dungeon (2/15)

Altars:
Kikubaaqudgha

Annotations:
D:2 Crazy Yiuf


Innate Abilities, Weirdness & Mutations

You have a pair of small antennae on your head.
When hurt, damage is shared between your health and your magic reserves.


Message History

You hit Crazy Yiuf.
Crazy Yiuf is moderately wounded.
You feel sick. Crazy Yiuf barely misses you.
You closely miss Crazy Yiuf.
Crazy Yiuf is moderately wounded.
Crazy Yiuf hits you with a quarterstaff of chaos!
Crazy Yiuf burns you.
You closely miss Crazy Yiuf.
Crazy Yiuf is moderately wounded.
You feel sick.
Crazy Yiuf hits you with a quarterstaff of chaos!
* * * LOW HITPOINT WARNING * * *
You convulse.
* * * LOW HITPOINT WARNING * * *
A red film seems to cover your vision as you go berserk!
You feel yourself moving faster!
You feel mighty!
You are feeling hungry.
Crazy Yiuf says, "Crazy?
Crazy!?
PORCUPINE!"
Crazy Yiuf hits you with a quarterstaff of chaos!
You die...

.....#
#...######....######.#
####.# #.###
####......... # ##.
#.## #.######.# . ...
##### ### ##.#. #..)#
#... #...# ... #g#
♣♣@♣ ♣.♣♣ ###### ♣♣.♣
...... ♣.♣♣ ######
♣♣.♣♣ ♣...♣♣ #######
♣....♣ ....... #....#
####### ###....#### #


You could see Crazy Yiuf.

Vanquished Creatures
  An ooze (D:1)
  A dart slug (D:1)
  2 giant geckos (D:1)
  2 bats
  2 giant cockroaches
  7 goblins
  2 hobgoblins (D:1)
  5 jackals
  5 kobolds
  A giant newt (D:2)
  3 rats
31 creatures vanquished.

Notes
Turn   | Place    | Note
--------------------------------------------------------------
     0 | D:1      | imganon the Demonspawn Berserker began the quest for the Orb.
     0 | D:1      | Reached XP level 1. HP: 18/18 MP: 1/1
    65 | D:1      | Reached skill level 3 in Axes
   128 | D:1      | Gained mutation: When hurt, damage is shared between your health and your magic reserves. [demonic ancestry]
   128 | D:1      | Reached XP level 2. HP: 21/24 MP: 2/2
   495 | D:1      | Gained mutation: You have a pair of small antennae on your head. [demonic ancestry]
   495 | D:1      | Reached XP level 3. HP: 26/29 MP: 1/3
   855 | D:2      | Found an ancient bone altar of Kikubaaqudgha.
   901 | D:2      | Reached skill level 4 in Axes
   938 | D:2      | Reached ** piety under Trog
  1011 | D:2      | Noticed Crazy Yiuf
  1018 | D:2      | Slain by Crazy Yiuf

Skill      XL: |  1  2  3 |
---------------+----------+-----
Axes           | 3 4 |  4.1
Fighting       | |  3.0
Armour         | |  1.7
Dodging        | |  1.7

Action                   || total
-------------------------++-------
Melee: Hand axe          ||    86
Invok: Berserk           ||     2
  Eat: Chunk             ||     1
Armor: Animal skin       ||     3
       Leather armour    ||    12
Dodge: Dodged            ||    49
